 Dungeon Crawl Stone Soup version 0.31-a0-426-g3a05650e59 (webtiles) character file.

Game seed: 16851906117721250005

3740 night the Grappler (level 9, -1/75 HPs)
             Began as a Troll Shapeshifter on July 30, 2023.
             Was a Follower of Nemelex Xobeh.
             Slain by a tengu warrior
             ... wielding a +0 battleaxe
              (4 damage)
             ... on level 8 of the Dungeon.
             The game lasted 00:15:31 (5930 turns).

night the Grappler (Troll Shapeshifter)             Turns: 5930, Time: 00:15:32

Health: -1/75      AC:  4    Str: 29    XL:     9   Next: 93%
Magic:  12/12      EV:  9    Int:  4    God:    Nemelex Xobeh [*.....]
Gold:   425        SH:  0    Dex: 10    Spells: 8/8 levels left

rFire   . .          .
                       - Unarmed
rCold   . . .        (no shield)
rNeg    . . .        a - +0 animal skin
rPois   .            (helmet currently unavailable)
rElec   .            (cloak currently unavailable)
rCorr   .            (gloves unavailable)
SInv    .            (boots unavailable)
Will    .....        (no amulet)
Stlth   +            f - ring of flight
HPRegen 1.12/turn    (no ring)
MPRegen 0.13/turn

%: no passive effects
@: beast-form, flying
A: beast (slay +5), large, unfitting armour, claws 3, regeneration 1, shaggy fur
1, tough skin 1
a: Begin Untransformation, Renounce Religion, Draw Escape, Draw Destruction,
Draw Summoning


You were on level 8 of the Dungeon.
You worshipped Nemelex Xobeh.
Nemelex Xobeh was aware of your devotion.
You were a hulking beast.
You visited 2 branches of the dungeon, and saw 9 of its levels.
You also visited: Ossuary.

You collected 425 gold pieces.

Inventory:

Hand Weapons
 q - a +0 eveningstar
Missiles
 h - 7 poisoned darts
 i - 58 stones
 l - 3 throwing nets
 w - 6 boomerangs
 F - 3 atropa-tipped darts
Armour
 a - a +0 animal skin (worn)
Jewellery
 f - a ring of flight (left claw)
 x - an amulet of guardian spirit
Talismans
 c - a beast talisman (active)
 E - a granite talisman
Wands
 d - a wand of mindburst (17)
 v - a wand of light (8)
 y - a wand of flame (30)
 D - a wand of digging (4)
 G - a wand of iceblast (8)
Scrolls
 e - 3 scrolls of teleportation
 j - 4 scrolls of blinking
 p - 2 scrolls of poison
 r - 3 scrolls of fear
 t - 2 scrolls of enchant armour
 u - 2 scrolls of enchant weapon
 C - 3 scrolls of identify
Potions
 b - 2 potions of lignification
 g - 2 potions of degeneration {unknown}
 k - a potion of mutation {unknown}
 m - 2 potions of enlightenment {unknown}
 n - 7 potions of curing {unknown}
 o - a potion of brilliance {unknown}
 s - 2 potions of heal wounds {unknown}
 z - 3 potions of attraction
 A - 3 potions of might {unknown}
 B - 2 potions of resistance {unknown}


   Skills:
 - Level 0.7 Fighting
 - Level 1.5 Dodging
 - Level 9.4 Unarmed Combat
 - Level 5.3 Invocations
 + Level 8.5 Shapeshifting


You had 8 spell levels left.
You didn't know any spells.
Your spell library contained the following spells:

 Spells                   Type           Power      Damage    Failure   Level
 Tukima's Dance           Hex            0%         N/A       86%         3
 Animate Dead             Necr           0%         N/A       99%         4
 Passage of Golubria      Tloc           0%         N/A       99%         4
 Borgnjor's Vile Clutch   Necr/Erth      0%         N/A       100%        5
 Yara's Violent Unravell  Hex/Tmut       0%         3d3       100%        5
 Death Channel            Necr           0%         N/A       100%        6


Dungeon Overview and Level Annotations

Branches:
Dungeon (8/15)             Temple (1/1) D:4         Ossuary (visited)
   Lair: D:8-11

Altars:
Ashenzari
Cheibriados
Dithmenos
Elyvilon
Fedhas
Gozag
Hepliaklqana
Kikubaaqudgha
Makhleb
Nemelex Xobeh
Okawaru
Ru
Sif Muna
Trog
Uskayaw
Vehumet
Wu Jian
Xom
Yredelemnul
Zin
The Shining One


Innate Abilities, Weirdness & Mutations

You are a hulking beast.
Your limbs bulge with bestial killing power. (Slay +5)
You are too large for most types of armour.
You have claws for hands.
Your natural rate of healing is unusually fast.
You are covered in fur. (AC +1)
You have tough skin. (AC +1)


Message History

A tengu warrior comes into view. It is wielding a +0 battleaxe.
The tengu warrior shouts!
The tengu warrior moves out of view.
Found 10 gold pieces.
Aiming: Mindburst
Press: ? - help, Shift-Dir - straight line, f - tengu warrior
Aim: a tengu warrior, wielding a +0 battleaxe and wearing a +0 ring mail (chance to affect: 47%)
The tengu warrior's mind is blasted!
Aiming: Bolt of Light
Press: ? - help, Shift-Dir - straight line, f/p - tengu warrior
Aim: a tengu warrior, wielding a +0 battleaxe and wearing a +0 ring mail (moderately wounded, 50% to hit)
The bolt of light hits the tengu warrior.
The tengu warrior is moderately wounded.
The tengu warrior is blinded.
The tengu warrior misses you. The tengu warrior pecks you.
The tengu warrior claws you.
You miss the tengu warrior.
The tengu warrior is moderately wounded.
The tengu warrior hits you with a +0 battleaxe!
The tengu warrior pecks you!
The tengu warrior claws you but does no damage.
You barely miss the tengu warrior.
The tengu warrior is moderately wounded.
The tengu warrior hits you with a +0 battleaxe!!
The tengu warrior pecks you.
* * * LOW HITPOINT WARNING * * *
The tengu warrior claws you.
* * * LOW HITPOINT WARNING * * *
You are too injured to fight recklessly!
You claw the tengu warrior!
The tengu warrior is heavily wounded.
You mangle the tengu warrior!!
The tengu warrior is almost dead.
The tengu warrior is no longer blind.
The tengu warrior hits you with a +0 battleaxe!
* * * LOW HITPOINT WARNING * * *
The tengu warrior completely misses you.
The tengu warrior claws you.
You die...
Your body disappears without a glow.

......#.#.#
....>.#...#
......##..#
...........
......###.#. ......#
#.##.$.## ### #######
#.# ##....#####..
.##### #.# #......#.#
.....# #.## #.##.h.#
####.## #..# #.###.Q#
# #..####.#
#.###.#...... #
##......###
#.#...###+... #
#####....# #...##.# ..
#
#.##.####..###.###....
#....>##...#.......#
####..#..#...#####.#
##...######


You could see a tengu warrior.

Vanquished Creatures
  The ghost of vcxz the Trooper, an amateur NaWn of Cheibriados (D:4)
  A hornet (D:7)
  A wraith (D:7)
  A water moccasin (D:5)
  3 orc warriors
  A black bear (D:7)
  2 ice beasts (D:5)
  2 centaurs
  3 ogres (D:6)
  A phantom (D:5)
  2 bullfrogs
  4 scorpions
  7 water moccasin zombies (Ossuary)
  5 wights (D:7)
  4 orc priests
  4 gnoll boudas
  A jelly (D:4)
  3 iguanas
  A sleepcap (D:6)
  5 orc wizards
  2 mummies (Ossuary)
  20 gnolls
  9 adders
  3 shadow imps
  2 white imps
  3 adder zombies (Ossuary)
  2 worms (D:2)
  3 dart slugs
  22 orcs
  8 endoplasms
  4 giant cockroaches
  2 gnoll zombies (Ossuary)
  6 goblins
  4 hobgoblins
  9 jackals
  3 quokkas
  8 ball pythons
  5 bats
  6 frilled lizards
  2 hobgoblin zombies (Ossuary)
  8 kobolds
  4 kobold zombies (Ossuary)
  4 orc zombies (Ossuary)
  5 rats
196 creatures vanquished.

Notes
Turn   | Place    | Note
-------+----------+-------------------------------------------
     0 | D:1      | night the Troll Shapeshifter began the quest for the Orb.
     0 | D:1      | Reached XP level 1. HP: 18/18 MP: 0/0
   127 | D:1      | Reached XP level 2. HP: 26/26 MP: 1/1
   838 | D:2      | Reached XP level 3. HP: 21/32 MP: 2/2
  1228 | D:2      | Reached skill level 4 in Unarmed Combat
  1341 | D:2      | Reached XP level 4. HP: 33/40 MP: 3/3
  1982 | D:3      | Reached XP level 5. HP: 42/46 MP: 4/4
  2321 | D:4      | Reached skill level 5 in Unarmed Combat
  2403 | D:4      | Found a staircase to the Ecumenical Temple.
  2412 | Temple   | Entered the Ecumenical Temple
  2429 | Temple   | Became a worshipper of Ru the Awakened
  2449 | D:4      | Found a runed translucent gate.
  2449 | D:4      | Found a runed translucent gate.
  2450 | D:4      | Found a runed translucent gate.
  2452 | D:4      | Noticed vcxz's ghost (amateur NaWn)
  2469 | D:4      | Reached XP level 6. HP: 51/54 MP: 5/5
  2637 | Temple   | Fell from the grace of Ru
  2637 | Temple   | Became a worshipper of Nemelex Xobeh the Trickster
  2780 | D:4      | Found a sand-covered staircase.
  2785 | Ossuary  | Entered an ossuary
  2857 | Ossuary  | Reached skill level 5 in Shapeshifting
  2869 | Ossuary  | Reached skill level 6 in Unarmed Combat
  2869 | Ossuary  | Reached XP level 7. HP: 50/61 MP: 6/6
  3122 | D:4      | Found a hazy altar of Hepliaklqana.
  3315 | D:4      | Killed vcxz's ghost
  3316 | D:4      | Reached skill level 7 in Unarmed Combat
  3372 | D:5      | Entered Level 5 of the Dungeon
  3392 | D:5      | Reached XP level 8. HP: 65/68 MP: 7/7
  3481 | D:5      | Reached skill level 1 in Invocations
  3575 | D:5      | Reached skill level 2 in Invocations
  3722 | D:5      | Found a broken altar of Ashenzari.
  3722 | D:5      | Found a shimmering blue altar of Sif Muna.
  3730 | D:5      | Found a faded altar of an unknown god.
  3732 | D:5      | Found an opulent altar of Gozag.
  3734 | D:5      | Found a shadowy altar of Dithmenos.
  3888 | D:6      | HP: 7/68 [gnoll/+0 halberd[a gnoll bouda] (12)]
  3893 | D:6      | HP: 9/68 [poisoned by an adder]
  3985 | D:6      | Reached skill level 8 in Unarmed Combat
  4265 | D:6      | Reached XP level 9. HP: 37/75 MP: 10/10
  4311 | D:6      | Reached * piety under Nemelex Xobeh
  4824 | D:7      | Identified the +1 pair of boots of Puckish Beauty {rElec
                  | rCorr}
  4889 | D:7      | Reached skill level 9 in Unarmed Combat
  5095 | D:7      | Received a gift from Nemelex Xobeh
  5114 | D:7      | Reached skill level 5 in Invocations
  5921 | D:8      | Noticed a tengu warrior
  5930 | D:8      | HP: 3/75 [tengu warrior/+0 battleaxe (16)]
  5930 | D:8      | Slain by a tengu warrior

Illustrated notes

Levels and vault maps discovered:
D:1:      minmay_arrival_jagged, layout_basic
D:2:      layout_loops_ring
D:3:      cheibrodos_old_hovel, layout_basic, ebering_dispersal_statue_hall,
          st_stairs_14
D:4:      layout_cave_pools, nzn_hepliaklqana_mist_gate,
          minmay_temple_entry_antechambers, gammafunk_ghost_split,
          enter_ossuary_5
D:5:      layout_rooms, chequers_temple_overflow_minitemple
D:6:      layout_cave_pools
D:7:      layout_loops_ring, minivault_10, kennysheep_small_circle
D:8:      layout_rooms, hellmonk_guarded_unrand_lears
Temple:   compressed_dpeg_triangle_lava_temple

Skill      XL: |  1  2  3  4  5  6  7  8  9 |
---------------+----------------------------+-----
Unarmed Combat | 4 5 6 7 8 9 |  9.4
Shapeshifting  | 4 5 6 7 8 |  8.5
Invocations    | 3 5 |  5.3
Fighting       | |  0.7
Dodging        | |  1.5

Action                     |  1- 3 |  4- 6 |  7- 9 || total
---------------------------+-------+-------+-------++-------
  Melee: Unarmed           |    78 |   119 |   253 ||   450
         Punch             |     3 |     4 |     7 ||    14
  Throw: Dart              |       |       |     4 ||     4
  Evoke: Wand              |       |       |     2 ||     2
    Use: Scroll            |       |       |    14 ||    14
   Stab: Sleeping          |     1 |     2 |       ||     3
 Armour: Animal skin       |    22 |    41 |    46 ||   109
  Dodge: Dodged            |    36 |    57 |    90 ||   183
   Form: Statue            |       |       |     1 ||     1
         Beast             |       |       |     1 ||     1

Table legend: (Time is in decaauts)
 A = Elapsed time spent in this place.
 B = Non-inter-level travel time spent in this place.
 C = Inter-level travel time spent in this place.
 D = Time resting spent in this place.
 E = Time spent auto-exploring this place.
 F = Levels seen in this place.
 G = Mean time per level.
                   A        B        C        D        E       F      G
               +--------+--------+--------+--------+--------+-----+--------+
         Total |   5889 |   5423 |    466 |    286 |   3871 |  10 |  588.9 |
       Dungeon |   5561 |   5132 |    429 |    286 |   3765 |   8 |  695.1 |
        Temple |    107 |     70 |     37 |      0 |      0 |   1 |  107.0 |
       Ossuary |    221 |    221 |      0 |      0 |    106 |   1 |  221.0 |
               +--------+--------+--------+--------+--------+-----+--------+

Top non-repeatable levels by time:
     D:7: 1052 daAuts
     D:3: 869 daAuts
     D:1: 810 daAuts
     D:6: 760 daAuts
     D:4: 736 daAuts
     D:2: 700 daAuts
     D:5: 561 daAuts
 Ossuary: 221 daAuts
  Temple: 107 daAuts
     D:8: 71 daAuts
